 Dungeon Crawl Stone Soup version 0.29-a0-565-g7a16c6de65 (webtiles) character file.

Game seed: 11716890194241438419

2 Bruhh the Skirmisher (level 1, 21/22 HPs)
             Began as an Ogre Gladiator on June 12, 2022.
             Quit the game on level 1 of the Dungeon.
             The game lasted 00:01:35 (29 turns).

Bruhh the Skirmisher (Ogre Gladiator)                 Turns: 29, Time: 00:01:35

Health: 21/22      AC:  3    Str: 17    XL:     1   Next: 40%
Magic:  1/1        EV: 10    Int:  9    God:
Gold:   0          SH:  0    Dex: 10    Spells: 0/0 levels left

rFire   . . .      SeeInvis .     - Unarmed
rCold   . . .      Faith    .   (no shield)
rNeg    . . .      Spirit   .   a - +0 robe
rPois   .          Reflect  .   b - +0 hat
rElec   .          Harm     .   (no cloak)
rCorr   .          Rampage  .   (gloves unavailable)
Will    .....                   (boots unavailable)
Stlth   +.........              (no amulet)
HPRegen 0.07/turn               (no ring)
MPRegen 0.07/turn               (no ring)

@: no status effects
A: large, unfitting armour, tough skin 1
a: no special abilities


You were on level 1 of the Dungeon.
You visited 1 branch of the dungeon, and saw 1 of its levels.

Inventory:

Missiles
 c - 3 throwing nets (quivered)
 d - a large rock
Armour
 a - a +0 robe (worn)
 b - a +0 hat (worn)


   Skills:
 + Level 2.8 Fighting
 + Level 2.0 Throwing
 + Level 2.7 Dodging
 + Level 2.7 Unarmed Combat


You couldn't memorise any spells.
You didn't know any spells.
Your spell library was empty.

Dungeon Overview and Level Annotations

Branches:
Dungeon (1/15)

Altars:


Innate Abilities, Weirdness & Mutations

You are too large for most types of armour.
You have tough skin. (AC +1)


Message History

Welcome, Bruhh the Ogre Gladiator.
They say the Orb of Zot lies within this dungeon, but they say a lot of things.
Press ? for a list of commands and other information.
Found an escape hatch in the floor.
Found a staircase leading out of the dungeon.
Unknown command.
Unknown command.
There is an escape hatch in the floor here.
Welcome back, Bruhh the Ogre Gladiator.
Press ? for a list of commands and other information.
There is a dry fountain, spattered with blood here.
A bat comes into view.
You see here 2 silvery potions.
A bat is nearby!
A bat is nearby!
A bat is nearby!
Found 14 gold pieces.
A kobold and a goblin come into view.
The kobold shouts!
A dart slug comes into view. x2
An endoplasm comes into view.
The bat hits you but does no damage.
You completely miss the bat. The bat barely misses you.
The goblin closely misses you.
The endoplasm quivers.
You punch the dart slug!
The dart slug is severely wounded.
The dart slug bites you. The goblin hits you but does no damage.
You hit the dart slug.
You kill the dart slug!
The bat barely misses you. The goblin attacks as you move away!
The goblin barely misses you. The bat completely misses you.
The bat hits you but does no damage.
Are you sure you want to abandon this character and quit the game? (Confirm with "yes".)

#....#..>..#
#....#⌠...⌠##
#....######.##
#...!#######.#
#........##.##
##....##..#.#
#....##...##
#.......###
#@####### #b#
#....Kg#
#####.w. ##...
#.J.. #.....
#....## #.....


You could see a dart slug, an endoplasm, a goblin, a bat and a kobold.

Vanquished Creatures
  A dart slug (D:1)
1 creature vanquished.

Notes
Turn   | Place    | Note
-------+----------+-------------------------------------------
     0 | D:1      | Bruhh the Ogre Gladiator began the quest for the Orb.
     0 | D:1      | Reached XP level 1. HP: 22/22 MP: 1/1
    29 | D:1      | Quit the game

Illustrated notes

Levels and vault maps discovered:
D:1:      amcnicky_arrival_gap_in_the_tavern_cellar, layout_rooms

Action                   || total
-------------------------++-------
Melee: Unarmed           ||     3
Armor: Robe              ||     3
Dodge: Dodged            ||     5

Table legend: (Time is in decaauts)
 A = Elapsed time spent in this place.
 B = Non-inter-level travel time spent in this place.
 C = Inter-level travel time spent in this place.
 D = Time resting spent in this place.
 E = Time spent auto-exploring this place.
 F = Levels seen in this place.
 G = Mean time per level.
                   A        B        C        D        E       F      G
               +--------+--------+--------+--------+--------+-----+--------+
         Total |     28 |     28 |      0 |      0 |     13 |   1 |   28.0 |
       Dungeon |     28 |     28 |      0 |      0 |     13 |   1 |   28.0 |
               +--------+--------+--------+--------+--------+-----+--------+

Top non-repeatable levels by time:
     D:1: 28 daAuts
